 Dungeon Crawl Stone Soup version 0.27.0-1-g7a089689b8 (webtiles) character file.

Game seed: 9335945532730165983

982 Dym the Magician (level 8, -3/56 HPs)
             Began as a Formicid Conjurer on Aug 4, 2021.
             Was a Follower of Kikubaaqudgha.
             Slain by a scorpion (6 damage)
             ... on level 4 of the Dungeon.
             The game lasted 00:14:42 (3495 turns).

Dym the Magician (Formicid Conjurer)                Turns: 3495, Time: 00:14:43

Health: -3/56      AC:  3    Str: 12    XL:     8   Next: 40%
Magic:  1/17       EV: 12    Int: 18    God:    Kikubaaqudgha [*.....]
Gold:   143        SH:  0    Dex: 11    Spells: 17/20 levels left

rFire    + . .     SeeInvis +   b - +2 dire flail (protect)
rCold    + + .     Faith    .   (no shield)
rNeg     . . .     Spirit   .   r - +0 robe
rPois    +         Reflect  .   (helmet unavailable)
rElec    +         Harm     .   s - +0 cloak
rCorr    +         Rampage  .   (no gloves)
Will     .....                  (no boots)
Stlth    ++........             (no amulet)
HPRegen  0.18/turn              A - ring of protection from cold
MPRegen  0.15/turn              (no ring)

@: lethally poisoned (-3 -> -9), resistant
A: permanent stasis, dig shafts and tunnels, antennae 3, four strong arms
a: Dig, Shaft Self, Renounce Religion, Receive Corpses


You were on level 4 of the Dungeon.
You worshipped Kikubaaqudgha.
Kikubaaqudgha was aware of your devotion.
You visited 1 branch of the dungeon, and saw 5 of its levels.

You collected 214 gold pieces.
You spent 71 gold pieces at shops.

Inventory:

Hand Weapons
 a - a +0 hunting sling
 b - a +2 dire flail of protection (weapon)
 d - a +1 dagger of venom
Missiles
 c - 207 stones
 h - 51 sling bullets
 i - 97 arrows
 o - a throwing net
 t - 18 poisoned darts
 w - 4 boomerangs
Armour
 r - a +0 robe (worn)
 s - a +0 cloak (worn)
 v - a +0 kite shield
Jewellery
 A - a ring of protection from cold (left hand)
Wands
 m - a wand of mindburst (14)
Scrolls
 e - a scroll of blinking {unknown}
 f - 2 scrolls of fear {unknown}
 j - a scroll of amnesia {unknown}
 k - a scroll of noise {unknown}
 l - a scroll of acquirement {unknown}
 n - 4 scrolls of vulnerability {unknown}
 z - 2 scrolls of identify
 C - 2 scrolls of magic mapping
Potions
 g - a potion of degeneration {unknown}
 p - a potion of attraction {unknown}
 x - a potion of might {unknown}


   Skills:
 - Level 2.0 Fighting
 - Level 2.0 Armour
 - Level 1.7 Dodging
 - Level 2.4 Stealth
 * Level 3.3 Shields
 * Level 6.6 Spellcasting
 - Level 6.0 Conjurations


You had 17 spell levels left.
You knew the following spells:

 Your Spells              Type           Power      Damage    Failure   Level
a - Searing Ray           Conj           54%        3d5       1%          2
c - Magic Dart            Conj           100%       1d8       1%          1

Your spell library contained the following spells:

 Spells                   Type           Power      Damage    Failure   Level
 Dazzling Flash           Conj/Hex       32%        N/A       10%         3
 Animate Skeleton         Necr           10%        N/A       12%         1
 Pain                     Necr           20%        1d5       12%         1
 Sublimation of Blood     Necr           2%         N/A       17%         2
 Fulminant Prism          Conj/Hex       8%         3d7       32%         4
 Iskenderun's Mystic Bla  Conj/Tloc      16%        2d5       32%         4
 Call Canine Familiar     Summ           5%         N/A       34%         3
 Portal Projectile        Hex/Tloc       10%        N/A       34%         3
 Vampiric Draining        Necr           2%         2d6       34%         3
 Leda's Liquefaction      Hex/Erth       2%         N/A       75%         4
 Blade Hands              Tmut           2%         N/A       97%         5
 Excruciating Wounds      Necr           2%         N/A       97%         5


Dungeon Overview and Level Annotations

Branches:
Dungeon (5/15)
 Temple: D:4-7

Altars:
Kikubaaqudgha
Vehumet

Shops:
D:1 ?   D:2 [

Annotations:
D:5 Duvessa


Innate Abilities, Weirdness & Mutations

You cannot be hasted, slowed, berserked, paralysed or teleported.
You can dig through walls and to a lower floor.
You have a pair of large antennae on your head. (SInv)
Your four strong arms can wield two-handed weapons with a shield.


Message History

The scorpion is severely wounded.
You feel sick. The scorpion misses you. The scorpion stings you!
You feel sick.
The scorpion stings you but does no damage.
You climb upwards.
You feel sick.
You are no longer poisoned.
There is a stone staircase leading down here.
Casting: Searing Ray (safe; 1% risk of failure)
Confirm with . or Enter, or press ? or * to list all spells.
Aiming: Searing Ray (safe; 1% risk of failure)
Press: ? - help, Shift-Dir - straight line, f - scorpion
Aim: a scorpion (severely wounded, 79% to hit)
The searing ray hits the scorpion.
The scorpion is almost dead. (Press . to maintain the ray.)
The scorpion closely misses you. The scorpion stings you!
You shoot a stone.
The stone hits the scorpion but does no damage.
The scorpion is almost dead.
The scorpion stings you.
You are lethally poisoned!
The scorpion poisons you!
Your +2 dire flail of protection hums with potential!
b - a +2 dire flail of protection (weapon)
You feel sick. The scorpion stings you!
You feel better. The scorpion stings you!
You are lethally poisoned!
The scorpion poisons you!
It was a potion of resistance.
You feel protected.
You feel sick. The scorpion stings you.
You die...
Kikubaaqudgha rasps: "You have failed me!
Welcome... death!"

..[...####......###.##...........
...#...# #......##..####.........
.####..###..........###...###....
...#....##...#####..#......###..#
...#.......#..###..............##
.........###..##...............#.
..####..###...##.>.......###.....
........##)#..#.s##......#.......
..####.##[#.....@................
..###..#[###....[.............#..
......##.................###.##..
....>....##.....<.........##.##..
#........##......................
#................................
#........................#.......
.........................#.....##
..............#.)........##..###


You could see a scorpion.

Vanquished Creatures
  Grinder (D:4)
  Edmund (D:4)
  A black bear (D:4)
  An ogre (D:2)
  A kobold brigand (D:3)
  A scorpion (D:4)
  Dowan (D:5)
  4 hounds (D:4)
  Robin (D:2)
  5 adders
  A shadow imp (D:5)
  An adder skeleton (D:4)
  3 worms
  A dart slug (D:3)
  12 orcs
  4 bats
  4 endoplasms (D:2)
  2 giant cockroaches
  11 goblins
  7 hobgoblins
  21 jackals
  7 kobolds
  3 quokkas
  5 ball pythons
  3 frilled lizards
  5 rats
107 creatures vanquished.

Notes
Turn   | Place    | Note
-------+----------+-------------------------------------------
     0 | D:1      | Dym the Formicid Conjurer began the quest for the Orb.
     0 | D:1      | Reached XP level 1. HP: 13/13 MP: 3/3
    69 | D:1      | Found Guaku's Magic Scroll Shoppe.
   197 | D:1      | Reached XP level 2. HP: 16/19 MP: 1/5
   200 | D:1      | Learned a level 2 spell: Searing Ray
   404 | D:1      | Reached XP level 3. HP: 24/24 MP: 3/6
   627 | D:1      | Bought a scroll of magic mapping for 45 gold pieces
   627 | D:1      | Bought a scroll of identify for 26 gold pieces
   895 | D:2      | Found Zebef's Antique Armour Boutique.
   901 | D:2      | Reached XP level 4. HP: 15/30 MP: 3/7
   942 | D:2      | Reached skill level 5 in Conjurations
  1220 | D:2      | Noticed an ogre
  1236 | D:2      | Killed an ogre
  1237 | D:2      | Reached XP level 5. HP: 35/35 MP: 1/8
  1699 | D:3      | Found a faded altar of an unknown god.
  1791 | D:3      | Reached XP level 6. HP: 33/42 MP: 1/9
  1816 | D:3      | Noticed Robin
  2043 | D:3      | Found an ancient bone altar of Kikubaaqudgha.
  2051 | D:3      | Became a worshipper of Kikubaaqudgha
  2230 | D:3      | Reached skill level 1 in Armour
  2310 | D:2      | Killed Robin
  2311 | D:2      | Reached skill level 1 in Fighting
  2355 | D:4      | Noticed Edmund
  2474 | D:4      | Noticed Grinder
  2580 | D:4      | Killed Grinder
  2581 | D:4      | Reached XP level 7. HP: 34/50 MP: 4/14
  2654 | D:4      | Reached skill level 5 in Spellcasting
  2908 | D:4      | Reached * piety under Kikubaaqudgha
  2908 | D:4      | Received a gift from Kikubaaqudgha
  2997 | D:4      | Killed Edmund
  2998 | D:4      | Reached XP level 8. HP: 19/56 MP: 1/17
  3368 | D:5      | Entered Level 5 of the Dungeon
  3372 | D:5      | Found a radiant altar of Vehumet.
  3372 | D:5      | Noticed Dowan
  3384 | D:5      | Killed Dowan
  3387 | D:5      | Noticed Duvessa
  3493 | D:4      | HP: 2/56 [scorpion (8)]
  3495 | D:4      | Slain by a scorpion

Illustrated notes

Levels and vault maps discovered:
D:1:      dpeg_arrival_leaves_temple_mockup, layout_rooms, serial_shops,
          shop_statue
D:2:      kennysheep_six_static_rooms, layout_basic, serial_shops, shop_statue,
          nrook_mini_vaults
D:3:      layout_loops_cross, kiku_gazebo_garden_becter,
          shapermc_ecumenical_altar_mp_highgroup, uniq_robin
D:4:      layout_cave_pools, uniq_edmund, uniq_grinder
D:5:      lemuel_ice_spiral_2, layout_basic, nicolae_vehumet_radiance,
          uniq_duvessa

Skill      XL: |  1  2  3  4  5  6  7  8 |
---------------+-------------------------+-----
Conjurations   | 4 5 6 |  6.0
Armour         | 2 |  2.0
Fighting       | 2 |  2.0
Spellcasting   | 4 6 |  6.6
Shields        | 2 3 |  3.3
Dodging        | |  1.7
Stealth        | |  2.4

Action                   |  1- 3 |  4- 6 |  7- 9 || total
-------------------------+-------+-------+-------++-------
Melee: Unarmed           |    15 |       |       ||    15
       Mace              |    21 |     4 |       ||    25
 Fire: Hunting sling     |       |    39 |    43 ||    82
 Cast: Magic Dart        |    28 |    24 |     1 ||    53
       Searing Ray       |    10 |    20 |    27 ||    57
 Abil: Dig               |     4 |     5 |     1 ||    10
  Use: Potion            |       |       |     2 ||     2
Armor: Robe              |    16 |     6 |     1 ||    23
       Skin              |       |    11 |       ||    11
Dodge: Dodged            |    59 |    31 |    25 ||   115
